 Dungeon Crawl Stone Soup version 0.29-a0-197-ge3fb4bd5a4 (webtiles) character file.

Game seed: 2826270239867465517

455 Hasart the Shooter (level 6, 0/44 (51) HPs)
             Began as a Demigod Hunter on Feb 23, 2022.
             Slain by Edmund
             ... wielding a +2 dire flail of draining
              (3 damage)
             ... on level 4 of the Dungeon.
             The game lasted 00:04:00 (3748 turns).

Hasart the Shooter (Demigod Hunter)                 Turns: 3748, Time: 00:04:01

HP:   0/44 (51)     AC:  5    Str: 19    XL:     6   Next: 47%
MP:   8/8           EV: 14    Int: 13    God:
Gold: 103           SH:  0    Dex: 22    Spells: 5/5 levels left

rFire   . . .      SeeInvis .   a - +1 shortbow
rCold   . . .      Faith    .   (shield currently unavailable)
rNeg    . . .      Spirit   .   o - +2 robe {Will+}
rPois   .          Reflect  .   q - +0 helmet
rElec   .          Harm     .   (no cloak)
rCorr   .          Rampage  .   (no gloves)
Will    +....                   (no boots)
Stlth   +++.......              (no amulet)
HPRegen 0.14/turn               n - +6 ring of strength
MPRegen 0.11/turn               (no ring)

@: heavily drained
A: high MP 1, forlorn, divine attributes
a: no special abilities


You were on level 4 of the Dungeon.
You visited 1 branch of the dungeon, and saw 4 of its levels.

You collected 103 gold pieces.

Inventory:

Hand Weapons
 a - a +1 shortbow (weapon)
Armour
 b - a +0 leather armour
 o - a +2 robe of willpower (worn)
 q - a +0 helmet (worn)
Jewellery
 n - a +6 ring of strength (left hand)
Scrolls
 c - 3 scrolls of noise {unknown}
 g - 2 scrolls of teleportation {unknown}
 h - a scroll of silence {unknown}
 j - a scroll of enchant armour {unknown}
 r - a scroll of identify {unknown}
Potions
 d - 2 potions of curing
 e - a potion of attraction {unknown}
 f - 3 potions of lignification
 i - 3 potions of ambrosia {unknown}
 k - 2 potions of brilliance {unknown}
 l - a potion of might
 m - 4 potions of resistance {unknown}
 p - a potion of degeneration {unknown}


   Skills:
 + Level 3.3 Fighting
 * Level 5.4 Bows
 + Level 3.2 Dodging
 + Level 3.1 Stealth


You had 5 spell levels left.
You didn't know any spells.
Your spell library contained the following spells:

 Spells                   Type           Power      Damage    Failure   Level
 Summon Small Mammal      Summ           0%         N/A       30%         1
 Corpse Rot               Necr/Air       0%         N/A       43%         2
 Call Canine Familiar     Summ           0%         N/A       67%         3
 Stone Arrow              Conj/Erth      0%         3d7       67%         3
 Summon Guardian Golem    Hex/Summ       0%         N/A       67%         3
 Animate Armour           Summ/Erth      0%         N/A       97%         4
 Dispel Undead            Necr           0%         3d6       97%         4
 Death Channel            Necr           0%         N/A       100%        6
 Malign Gateway           Summ/Tloc      0%         N/A       100%        7
 Lehudib's Crystal Spear  Conj/Erth      0%         10d2      100%        8
 Summon Horrible Things   Summ           0%         N/A       100%        8


Dungeon Overview and Level Annotations

Branches:
Dungeon (4/15)
 Temple: D:4-7

Annotations:
D:4 Edmund


Innate Abilities, Weirdness & Mutations

You have an increased reservoir of magic. (+10% MP)
You shall have no god before yourself.
Your divine heritage dramatically boosts your attributes as you level up.


Message History

Edmund is nearby!
You shoot an arrow. The arrow hits Edmund.
Edmund is lightly wounded.
You shoot an arrow. The arrow hits Edmund!
Edmund is moderately wounded.
Edmund gestures with his flail.
You shoot an arrow. The arrow barely misses Edmund.
You shoot an arrow. The arrow hits Edmund.
Edmund is moderately wounded.
You shoot an arrow. The arrow closely misses Edmund.
Edmund clears his throat.
You shoot an arrow. The arrow hits Edmund!
Edmund is heavily wounded.
Edmund closely misses you.
You shoot an arrow. The arrow hits Edmund.
Edmund is severely wounded.
Edmund closely misses you.
Edmund hits you with a +2 dire flail of draining!
You feel drained.
You shoot an arrow. The arrow hits Edmund!
Edmund is almost dead.
Edmund hits you with a +2 dire flail of draining!
You feel drained.
You shoot an arrow. The arrow hits Edmund.
Edmund is almost dead.
Edmund says, "Everyone always remembers my brother. 'Who's Edmund?' they ask!"
Edmund misses you.
You shoot an arrow.
The arrow hits Edmund but does no damage.
Edmund is almost dead.
Edmund hits you with a +2 dire flail of draining!
You feel drained.
Shoot: a) +1 shortbow
Press: ? - help, Shift-Dir - straight line, f/p - Edmund
Aim: Edmund, wielding a +2 dire flail of draining and wearing a +0 leather armour (almost dead, 67% to hit)
You shoot an arrow. The arrow closely misses Edmund.
Edmund misses you.
Edmund hits you with a +2 dire flail of draining!
* * * LOW HITPOINT WARNING * * *
You feel drained.
You die...

............#
#..........##
#.....).....#
#...........###
#.............####
#...?.............
#.............#.
#.....@.......#
##....@.......##
##............#
##..........##
##........##
##.......#
##.....## ##..###
#<## #..#


You could see Edmund.

Vanquished Creatures
  Menkaure (D:4)
  A water moccasin (D:4)
  Pargi (D:4)
  Robin (D:4)
  4 adders
  2 worms
  2 dart slugs (D:1)
  10 ball pythons
  6 endoplasms
  5 giant cockroaches
  19 goblins
  10 hobgoblins
  9 kobolds
  3 quokkas
  3 bats
  2 frilled lizards
  A quokka skeleton (D:4)
  6 rats
86 creatures vanquished.

Vanquished Creatures (others)
  A fungus (D:1)
1 creature vanquished.

Grand Total: 87 creatures vanquished

Notes
Turn   | Place    | Note
-------+----------+-------------------------------------------
     0 | D:1      | Hasart the Demigod Hunter began the quest for the Orb.
     0 | D:1      | Reached XP level 1. HP: 17/17 MP: 3/3
    47 | D:1      | Reached skill level 1 in Stealth
    69 | D:1      | Reached XP level 2. HP: 20/24 MP: 4/4
   380 | D:1      | Reached skill level 4 in Bows
   497 | D:1      | You fall into a shaft and drop 1 floor!
   688 | D:1      | Reached XP level 3. HP: 29/29 MP: 5/5
  1823 | D:2      | Reached XP level 4. HP: 37/37 MP: 6/6
  2667 | D:4      | Noticed Pargi
  2677 | D:4      | Killed Pargi
  2678 | D:4      | Reached XP level 5. HP: 38/42 MP: 7/7
  2765 | D:4      | Noticed Menkaure
  2774 | D:4      | Killed Menkaure
  2775 | D:4      | Reached skill level 5 in Bows
  2775 | D:4      | Reached XP level 6. HP: 11/51 MP: 8/8
  3092 | D:4      | Noticed Robin
  3136 | D:4      | Killed Robin
  3244 | D:4      | Noticed a water moccasin
  3253 | D:4      | Killed a water moccasin
  3731 | D:4      | Noticed Edmund
  3748 | D:4      | Slain by Edmund

Illustrated notes

Levels and vault maps discovered:
D:1:      psy_arrival_basics, layout_basic, dreamdust_ecumenical_altar_grove,
          minmay_cupped
D:2:      layout_loops_cross, fountainhead, dk_noncrumbling_2
D:3:      layout_basic, nicolae_overflow_hidden_temple, lemuel_tele_altar
D:4:      minmay_bubble_buster, layout_cave_pods, st_stairs_6, uniq_edmund,
          uniq_pargi, uniq_menkaure, uniq_robin

Skill      XL: |  1  2  3  4  5  6 |
---------------+-------------------+-----
Stealth        | 1 2 3 |  3.1
Fighting       | 2 3 |  3.3
Dodging        | 2 3 |  3.2
Bows           | 4 5 |  5.4

Action                   |  1- 3 |  4- 6 || total
-------------------------+-------+-------++-------
 Fire: Shortbow          |   115 |    98 ||   213
  Use: Potion            |       |     2 ||     2
Armor: Leather armour    |    12 |       ||    12
       Robe              |       |     7 ||     7
Dodge: Dodged            |    16 |    27 ||    43

Table legend: (Time is in decaauts)
 A = Elapsed time spent in this place.
 B = Non-inter-level travel time spent in this place.
 C = Inter-level travel time spent in this place.
 D = Time resting spent in this place.
 E = Time spent auto-exploring this place.
 F = Levels seen in this place.
 G = Mean time per level.
                   A        B        C        D        E       F      G
               +--------+--------+--------+--------+--------+-----+--------+
         Total |   3813 |   3693 |    120 |    440 |   2758 |   4 |  953.2 |
       Dungeon |   3813 |   3693 |    120 |    440 |   2758 |   4 |  953.2 |
               +--------+--------+--------+--------+--------+-----+--------+

Top non-repeatable levels by time:
     D:1: 1158 daAuts
     D:4: 1101 daAuts
     D:2: 812 daAuts
     D:3: 741 daAuts
